Bruins vs MapleLeafs

Created - February-01-15 at 11:08

Goals
1 2 3 T
Bruins 1 0 1 2
MapleLeafs 0 2 3 5
Shots
1 2 3 T
Bruins 8 12 10 30
MapleLeafs 6 5 9 20

1st period

1. Bruins , John Carlson 14 (Ryan Callahan, Matt Moulson) at 19:05

Penalties :
Antoine Roussel (TOR) for Hooking (Minor) at 4:07, Milan Lucic (TOR) for Tripping (Minor) at 13:50

2nd period

2. MapleLeafs , Jay Bouwmeester 10 (Vladimir Tarasenko, Milan Lucic) at 9:38
3. MapleLeafs , Jay Beagle 3 (Shawn Matthias, Antoine Roussel) at 15:34

Penalties :
Alexei Emelin (TOR) for Holding (Minor) at 3:16, Milan Lucic (TOR) for Elbowing (Minor) at 7:09, Michael Grabner (TOR) for Holding (Minor) at 12:42, Nick Holden (TOR) for High sticking (Minor) at 13:07

3rd period

4. MapleLeafs , Michael Grabner 13 (Antoine Vermette, Jay Bouwmeester) at 0:20
5. MapleLeafs , Brandon Gormley 1 (Michael Grabner, Evander Kane) at 2:14 (PP)
6. MapleLeafs , Nick Holden 5 (Evander Kane) at 7:09 (PP)
7. Bruins , Dougie Hamilton 5 (Reilly Smith, Drew Doughty) at 14:13

Penalties :
Alexei Emelin (TOR) for Fighting (Major) at 1:23, John Carlson (BOS) for Fighting (Major) at 1:23, John Carlson (BOS) for instigated a fight (Game Misconduct) at 1:23, Patrice Bergeron (BOS) for Roughing (Minor) at 5:32, Drew Doughty (BOS) for Interference (Minor) at 14:20, Evander Kane (TOR) for Holding (Minor) at 17:29

Goalie Stats

Michael Hutchinson (BOS), 9 saves from 13 shots - (0.692), L, 3-1-0, 42:14 minutes
Tuukka Rask (BOS), 6 saves from 7 shots - (0.857), 17:46 minutes
Ryan Miller (TOR), 28 saves from 30 shots - (0.933), W, 15-17-0, 60:00 minutes

Players Stats for Bruins

Player Name              G  A  P  +/- PIM S  H  SB GA TA FO     MP     PP MP  PK MP  
------------------------------------------------------------------------------------
Andrew Ladd              0  0  0   1  0   1  4  0  0  0  1/2    19:43   5:49   1:00 
Brad Marchand            0  0  0  -2  0   3  1  0  0  0  0/0    11:33   0:00   0:44 
Carl Soderberg           0  0  0   0  0   0  0  0  0  0  2/3     3:03   1:36   0:00 
David Krejci             0  0  0   1  0   4  0  0  0  0  14/20  23:27   5:49   1:28 
Dougie Hamilton          1  0  1   1  0   3  1  0  0  0  0/0    22:28   5:49   2:34 
Drew Doughty             0  1  1  -1  2   0  2  3  0  0  0/0    28:00   5:49   0:39 
Jakub Voracek            0  0  0  -2  0   4  0  0  0  0  0/1    19:05   5:49   0:00 
John Carlson             1  0  1   0  17  5  1  0  0  0  0/0    14:25   5:25   0:00 
Matt Bartkowski          0  0  0   0  0   1  5  1  0  0  0/0    12:06   0:00   0:36 
Matt Moulson             0  1  1   1  0   0  0  0  0  0  1/1    10:08   0:00   3:25 
Niklas Kronwall          0  0  0  -2  0   1  2  2  0  0  0/0    21:45   1:05   2:22 
Patrice Bergeron         0  0  0  -2  2   3  0  1  0  0  26/40  25:35   6:30   1:50 
Reilly Smith             0  1  1   1  0   0  0  0  0  0  1/2    17:46   4:52   0:00 
Ryan Callahan            0  1  1   1  0   1  1  1  0  0  0/0     6:43   0:00   0:00 
Ryan Spooner             0  0  0   1  0   0  0  0  0  0  6/11    7:34   0:00   0:51 
Ryan Strome              0  0  0  -2  0   2  1  0  0  0  0/0    10:51   0:02   0:00 
Torey Krug               0  0  0   0  0   1  0  0  0  0  0/0    20:50   6:30   2:19 
Zach Parise              0  0  0  -1  0   1  2  1  0  0  0/2    20:28   6:30   0:00 

Players Stats for MapleLeafs

Player Name              G  A  P  +/- PIM S  H  SB GA TA FO     MP     PP MP  PK MP  
------------------------------------------------------------------------------------
Alexei Emelin            0  0  0   0  7   0  0  3  0  0  0/0    18:45   0:12   5:00 
Antoine Roussel          0  1  1  -1  2   2  5  0  0  0  6/19   14:49   0:57   0:45 
Antoine Vermette         0  1  1   1  0   3  0  0  0  0  3/3    24:19   2:32   7:23 
Brandon Gormley          1  0  1   1  0   1  0  1  0  0  0/0     8:20   1:41   1:04 
Brock Nelson             0  0  0   1  0   0  0  0  0  0  6/12   16:24   0:42   0:00 
Derek Dorsett            0  0  0   0  0   0  0  0  0  0  0/1     2:16   0:28   0:00 
Evander Kane             0  2  2   1  2   2  4  0  0  0  5/9    20:47   3:05   4:10 
Jamie Oleksiak           0  0  0   0  0   0  0  0  0  0  0/0     0:20   0:20   0:00 
Jay Beagle               1  0  1  -1  0   1  0  0  0  0  1/3    15:15   0:00   3:04 
Jay Bouwmeester          1  1  2   2  0   4  1  2  0  0  0/0    28:13   2:14   6:22 
Michael Del Zotto        0  0  0  -1  0   0  0  1  0  0  0/0    15:00   0:00   6:13 
Michael Grabner          1  1  2   1  2   2  0  1  0  0  8/21   16:04   2:32   0:00 
Milan Lucic              0  1  1   1  4   1  5  0  0  0  0/0    20:47   1:10   2:09 
Nick Holden              1  0  1   1  2   1  7  0  0  0  0/0    21:26   2:14   5:10 
Nick Leddy               0  0  0   0  0   1  0  2  0  0  0/0    14:50   0:00   0:00 
Nikita Nikitin           0  0  0  -1  0   1  0  0  0  0  0/0    13:03   2:13   0:48 
Shawn Matthias           0  1  1  -1  0   0  0  0  0  0  0/0    12:56   0:45   0:00 
Vladimir Tarasenko       0  1  1   1  0   1  0  0  0  0  2/14   22:25   1:10   5:33 

3 Stars

1 - Jay Bouwmeester (TOR)
2 - Nick Holden (TOR)
3 - Michael Grabner (TOR)

Power Play

Bruins - 0 on 7 Attempt(s) - 0.00%
MapleLeafs - 2 on 3 Attempt(s) - 66.67%

Penalty Kill

Bruins - 1 on 3 Attempt(s) - 33.33% - Score 0 goal in Penalty Kill
MapleLeafs - 7 on 7 Attempt(s) - 100.00% - Score 0 goal in Penalty Kill

Team Stat

Bruins - Hits : 20 - Faceoff Wins : 51 - Blocked Shots : 9 - Penalty Minutes : 21
MapleLeafs - Hits : 22 - Faceoff Wins : 31 - Blocked Shots : 10 - Penalty Minutes : 19

Official

Referees : Jean Hebert and Ian Walsh
Linesman : John Grandt and Jay Sharrers

Game Notes

Carl Soderberg is injured at 11:16 of 1st period (Left Hand)
John Carlson beats up Alexei Emelin at 1:23 of 3rd period
John Carlson ejected from game at 1:23 of 3rd period
Tuukka Rask enters game at 2:14 of 3rd period

Finance

Level 1 -- Attendance: 6114 (94.06%) -- Ticket Income $611,400
Level 2 -- Attendance: 4519 (90.38%) -- Ticket Income $338,925
Level 3 -- Attendance: 2383 (68.09%) -- Ticket Income $142,980
Level 4 -- Attendance: 1675 (59.42%) -- Ticket Income $83,750
Luxury Box -- Attendance: 947 (94.70%) -- Ticket Income $189,400
Game was played at the Air Canada Center'
Total Attendance: 15638 (83.10%)
Total Ticket Income: $1,366,455
Other Income: $204,968
Total Income: $1,571,423

% Time on Ice - Bruins

Lines # - Real PCT - Wanted PCT - Time Play
Normal Forward
1 - 30% - 40% - 12:48
2 - 30% - 30% - 12:54
3 - 25% - 20% - 10:49
4 - 16% - 10% - 6:43
Normal Defense
1 - 39% - 40% - 16:45
2 - 33% - 30% - 14:05
3 - 27% - 20% - 11:30
4 - 2% - 10% - 0:54
PP Forward
1 - 47% - 60% - 5:49
2 - 53% - 40% - 6:30
PP Defense
1 - 53% - 60% - 6:30
2 - 47% - 40% - 5:49
PK Forward
1 - 84% - 60% - 3:45
2 - 16% - 40% - 0:42
PK Defense
1 - 78% - 60% - 3:28
2 - 22% - 40% - 0:59
PK3 Forward
1 - 0% - 60%
2 - 0% - 40%
PK3 Defense
1 - 0% - 60%
2 - 0% - 40%
44 Forward
1 - 0% - 60%
2 - 0% - 40%
44 Defense
1 - 0% - 60%
2 - 0% - 40%
Last Minute Offensive  - 0:00
Last Minute Defensive  - 0:00
Total
Forward - 60:00
Defense - 60:00

% Time on Ice - MapleLeafs

Lines # - Real PCT - Wanted PCT - Time Play
Normal Forward
1 - 31% - 40% - 13:33
2 - 36% - 30% - 15:42
3 - 28% - 20% - 12:11
4 - 4% - 10% - 1:48
Normal Defense
1 - 32% - 40% - 14:02
2 - 34% - 30% - 14:50
3 - 20% - 20% - 8:47
4 - 13% - 10% - 5:35
PP Forward
1 - 74% - 60% - 3:17
2 - 26% - 40% - 1:10
PP Defense
1 - 50% - 60% - 2:14
2 - 50% - 40% - 2:13
PK Forward
1 - 68% - 60% - 7:18
2 - 32% - 40% - 3:27
PK Defense
1 - 52% - 60% - 5:36
2 - 48% - 40% - 5:09
PK3 Forward
1 - 93% - 60% - 1:27
2 - 7% - 40% - 0:07
PK3 Defense
1 - 49% - 60% - 0:46
2 - 51% - 40% - 0:48
44 Forward
1 - 0% - 60%
2 - 0% - 40%
44 Defense
1 - 0% - 60%
2 - 0% - 40%
Last Minute Offensive  - 0:00
Last Minute Defensive  - 0:00
Total
Forward - 60:00
Defense - 60:00

Play by Play

1st period


0:01 of 1st period - Patrice Bergeron wins face-off versus Michael Grabner in neutral zone.
0:16 of 1st period - Shot by Evander Kane.
0:16 of 1st period - Stopped by Michael Hutchinson without a rebound.
0:17 of 1st period - Brock Nelson wins face-off versus David Krejci in Bruins zone.
1:00 of 1st period - Shot by David Krejci.
1:00 of 1st period - Shot Misses the Net.
1:02 of 1st period - Shot by Dougie Hamilton.
1:02 of 1st period - Shot Misses the Net.
1:26 of 1st period - Shot by Matt Bartkowski.
1:26 of 1st period - Stopped by Ryan Miller without a rebound.
1:27 of 1st period - Michael Grabner wins face-off versus Patrice Bergeron in MapleLeafs zone.
1:27 of 1st period - Michael Grabner is hit by Zach Parise.
1:34 of 1st period - Off-side.
1:35 of 1st period - Michael Grabner wins face-off versus Patrice Bergeron in neutral zone.
1:38 of 1st period - Shot by Jay Bouwmeester.
1:38 of 1st period - Stopped by Michael Hutchinson without a rebound.
1:39 of 1st period - Patrice Bergeron wins face-off versus Evander Kane in Bruins zone.
1:53 of 1st period - Shot by Evander Kane.
1:53 of 1st period - Shot Blocked by Niklas Kronwall.
1:58 of 1st period - Icing by Patrice Bergeron.
1:59 of 1st period - Patrice Bergeron wins face-off versus Antoine Roussel in Bruins zone.
1:59 of 1st period - Patrice Bergeron is hit by Antoine Roussel.
2:06 of 1st period - Off-side.
2:07 of 1st period - Ryan Spooner wins face-off versus Derek Dorsett in neutral zone.
2:34 of 1st period - Shot by Milan Lucic.
2:34 of 1st period - Stopped by Michael Hutchinson without a rebound.
2:35 of 1st period - Carl Soderberg wins face-off versus Antoine Roussel in Bruins zone.
2:35 of 1st period - Drew Doughty is hit by Antoine Roussel and loses puck.
2:50 of 1st period - Shot by Brad Marchand.
2:50 of 1st period - Stopped by Ryan Miller without a rebound.
2:51 of 1st period - Patrice Bergeron wins face-off versus Michael Grabner in MapleLeafs zone.
2:58 of 1st period - Shot by Patrice Bergeron.
2:58 of 1st period - Shot Blocked by Michael Grabner.
3:29 of 1st period - Shot by Jakub Voracek.
3:29 of 1st period - Shot Misses the Net.
3:31 of 1st period - Shot by Jakub Voracek.
3:31 of 1st period - Shot Misses the Net.
3:33 of 1st period - Shot by Dougie Hamilton.
3:33 of 1st period - Stopped by Ryan Miller without a rebound.
3:34 of 1st period - David Krejci wins face-off versus Antoine Roussel in MapleLeafs zone.
4:07 of 1st period - Minor Penalty to Antoine Roussel for Hooking.
4:08 of 1st period - Patrice Bergeron wins face-off versus Vladimir Tarasenko in MapleLeafs zone.
4:17 of 1st period - Shot by John Carlson.
4:17 of 1st period - Stopped by Ryan Miller without a rebound.
4:18 of 1st period - David Krejci wins face-off versus Vladimir Tarasenko in MapleLeafs zone.
4:18 of 1st period - David Krejci is hit by Nick Holden.
4:40 of 1st period - Shot by David Krejci.
4:40 of 1st period - Stopped by Ryan Miller without a rebound.
4:41 of 1st period - Vladimir Tarasenko wins face-off versus Patrice Bergeron in MapleLeafs zone.
5:31 of 1st period - Shot by Alexei Emelin.
5:31 of 1st period - Shot Misses the Net.
5:57 of 1st period - Icing by Drew Doughty.
5:58 of 1st period - Patrice Bergeron wins face-off versus Vladimir Tarasenko in Bruins zone.
6:34 of 1st period - Antoine Roussel is hit by Andrew Ladd and loses puck.
6:38 of 1st period - Icing by Antoine Roussel.
6:39 of 1st period - Ryan Spooner wins face-off versus Antoine Roussel in MapleLeafs zone.
7:02 of 1st period - Shawn Matthias is hit by Ryan Callahan and loses puck.
8:15 of 1st period - Torey Krug is hit by Evander Kane and loses puck.
9:15 of 1st period - David Krejci is hit by Antoine Roussel and loses puck.
9:20 of 1st period - Shot by Nick Holden.
9:20 of 1st period - Shot Misses the Net.
9:34 of 1st period - Shot by Antoine Roussel.
9:34 of 1st period - Stopped by Michael Hutchinson without a rebound.
9:35 of 1st period - Antoine Vermette wins face-off versus Patrice Bergeron in Bruins zone.
9:42 of 1st period - Shot by Derek Dorsett.
9:42 of 1st period - Shot Misses the Net.
10:28 of 1st period - Icing by Evander Kane.
10:29 of 1st period - Michael Grabner wins face-off versus Carl Soderberg in MapleLeafs zone.
10:29 of 1st period - Michael Grabner is hit by Brad Marchand.
10:54 of 1st period - Evander Kane is hit by Niklas Kronwall and loses puck.
11:14 of 1st period - Icing by Drew Doughty.
11:15 of 1st period - Carl Soderberg wins face-off versus Brock Nelson in Bruins zone.
11:15 of 1st period - Carl Soderberg is hit by Milan Lucic.
11:16 of 1st period - Carl Soderberg from Bruins is injured at 11:16 of 1st period (Left Hand).
11:17 of 1st period - Patrice Bergeron wins face-off versus Brock Nelson in Bruins zone.
11:17 of 1st period - Patrice Bergeron is hit by Milan Lucic.
11:36 of 1st period - Nikita Nikitin is hit by John Carlson and loses puck.
11:53 of 1st period - Zach Parise is hit by Milan Lucic and loses puck.
12:17 of 1st period - Icing by John Carlson.
12:18 of 1st period - Antoine Roussel wins face-off versus Patrice Bergeron in Bruins zone.
13:05 of 1st period - Ryan Strome is hit by Nick Holden and loses puck.
13:16 of 1st period - Drew Doughty is hit by Antoine Roussel and loses puck.
13:36 of 1st period - Off-side.
13:37 of 1st period - Brock Nelson wins face-off versus Ryan Spooner in neutral zone.
13:41 of 1st period - Vladimir Tarasenko is hit by Matt Bartkowski.
13:50 of 1st period - Minor Penalty to Milan Lucic for Tripping.
13:51 of 1st period - Patrice Bergeron wins face-off versus Vladimir Tarasenko in MapleLeafs zone.
13:52 of 1st period - Shot by John Carlson.
13:52 of 1st period - Stopped by Ryan Miller without a rebound.
13:53 of 1st period - Patrice Bergeron wins face-off versus Vladimir Tarasenko in MapleLeafs zone.
14:36 of 1st period - Off-side.
14:37 of 1st period - Jay Beagle wins face-off versus David Krejci in neutral zone.
15:16 of 1st period - Evander Kane is hit by Andrew Ladd and loses puck.
15:55 of 1st period - Antoine Vermette is hit by Matt Bartkowski and loses puck.
15:58 of 1st period - Shot by Jay Bouwmeester.
15:58 of 1st period - Shot Blocked by Matt Bartkowski.
16:00 of 1st period - Shot by Jay Bouwmeester.
16:00 of 1st period - Stopped by Michael Hutchinson with a rebound.
16:16 of 1st period - Shot by Antoine Vermette.
16:16 of 1st period - Stopped by Michael Hutchinson without a rebound.
16:17 of 1st period - Antoine Roussel wins face-off versus Patrice Bergeron in Bruins zone.
16:26 of 1st period - Shot by Antoine Roussel.
16:26 of 1st period - Shot Misses the Net.
17:16 of 1st period - Shot by Vladimir Tarasenko.
17:16 of 1st period - Deflect By Milan Lucic.
17:16 of 1st period - Shot Blocked by Drew Doughty.
17:18 of 1st period - Shot by Milan Lucic.
17:18 of 1st period - Shot Misses the Net.
17:24 of 1st period - Shot by Vladimir Tarasenko.
17:24 of 1st period - Shot Blocked by Patrice Bergeron.
17:26 of 1st period - Shot by Milan Lucic.
17:26 of 1st period - Shot Misses the Net.
17:28 of 1st period - Shot by Brock Nelson.
17:28 of 1st period - Shot Misses the Net.
17:59 of 1st period - Jay Bouwmeester is hit by Matt Bartkowski and loses puck.
18:21 of 1st period - Shot by David Krejci.
18:21 of 1st period - Stopped by Ryan Miller without a rebound.
18:22 of 1st period - Ryan Spooner wins face-off versus Antoine Roussel in MapleLeafs zone.
19:03 of 1st period - Shot by Ryan Callahan.
19:03 of 1st period - Shot Misses the Net.
19:05 of 1st period - Shot by John Carlson.
19:05 of 1st period - Goal by John Carlson - Bruins : 1 - MapleLeafs : 0.
19:06 of 1st period - Vladimir Tarasenko wins face-off versus David Krejci in neutral zone.
19:27 of 1st period - Andrew Ladd is hit by Nick Holden and loses puck.
19:35 of 1st period - Reilly Smith is hit by Nick Holden and loses puck.
Goals for this period are 1 for Bruins vs 0 for MapleLeafs.
Shots for this period are 8 for Bruins vs 6 for MapleLeafs.

2nd period


0:01 of 2nd period - Michael Grabner wins face-off versus Patrice Bergeron in neutral zone.
0:04 of 2nd period - Shot by Antoine Vermette.
0:04 of 2nd period - Shot Blocked by Zach Parise.
0:40 of 2nd period - Antoine Vermette is hit by Zach Parise and loses puck.
1:11 of 2nd period - Off-side.
1:12 of 2nd period - David Krejci wins face-off versus Antoine Roussel in neutral zone.
1:37 of 2nd period - Shot by Reilly Smith.
1:37 of 2nd period - Shot Misses the Net.
1:47 of 2nd period - Shawn Matthias is hit by Andrew Ladd and loses puck.
1:58 of 2nd period - Shot by Andrew Ladd.
1:58 of 2nd period - Shot Misses the Net.
2:17 of 2nd period - Shot by Ryan Strome.
2:17 of 2nd period - Stopped by Ryan Miller without a rebound.
2:18 of 2nd period - Ryan Spooner wins face-off versus Michael Grabner in MapleLeafs zone.
2:41 of 2nd period - Shot by Jay Bouwmeester.
2:41 of 2nd period - Shot Blocked by Ryan Callahan.
2:55 of 2nd period - Shot by Evander Kane.
2:55 of 2nd period - Stopped by Michael Hutchinson without a rebound.
2:56 of 2nd period - Patrice Bergeron wins face-off versus Brock Nelson in Bruins zone.
2:56 of 2nd period - Jakub Voracek is hit by Milan Lucic and loses puck.
3:16 of 2nd period - Minor Penalty to Alexei Emelin for Holding.
3:17 of 2nd period - David Krejci wins face-off versus Vladimir Tarasenko in MapleLeafs zone.
5:13 of 2nd period - Shot by John Carlson.
5:13 of 2nd period - Stopped by Ryan Miller without a rebound.
5:14 of 2nd period - Patrice Bergeron wins face-off versus Vladimir Tarasenko in MapleLeafs zone.
5:17 of 2nd period - Shot by Ryan Strome.
5:17 of 2nd period - Stopped by Ryan Miller without a rebound.
5:18 of 2nd period - Patrice Bergeron wins face-off versus Antoine Roussel in MapleLeafs zone.
5:35 of 2nd period - Shot by Brad Marchand.
5:35 of 2nd period - Stopped by Ryan Miller without a rebound.
5:36 of 2nd period - Reilly Smith wins face-off versus Brock Nelson in MapleLeafs zone.
6:03 of 2nd period - Icing by Jay Bouwmeester.
6:04 of 2nd period - Brock Nelson wins face-off versus Patrice Bergeron in MapleLeafs zone.
6:42 of 2nd period - Patrice Bergeron is hit by Milan Lucic.
7:09 of 2nd period - Minor Penalty to Milan Lucic for Elbowing.
7:10 of 2nd period - David Krejci wins face-off versus Jay Beagle in MapleLeafs zone.
7:13 of 2nd period - Shot by Jakub Voracek.
7:13 of 2nd period - Stopped by Ryan Miller without a rebound.
7:14 of 2nd period - David Krejci wins face-off versus Jay Beagle in MapleLeafs zone.
7:55 of 2nd period - Shot by John Carlson.
7:55 of 2nd period - Shot Misses the Net.
7:57 of 2nd period - Shot by Andrew Ladd.
7:57 of 2nd period - Deflect By David Krejci.
7:57 of 2nd period - Stopped by Ryan Miller with a rebound.
7:59 of 2nd period - Shot by Torey Krug.
7:59 of 2nd period - Shot Blocked by Alexei Emelin.
8:29 of 2nd period - Shot by Patrice Bergeron.
8:29 of 2nd period - Deflect By Reilly Smith.
8:29 of 2nd period - Shot Misses the Net.
8:43 of 2nd period - Shot by Patrice Bergeron.
8:43 of 2nd period - Stopped by Ryan Miller without a rebound.
8:44 of 2nd period - David Krejci wins face-off versus Antoine Roussel in MapleLeafs zone.
8:57 of 2nd period - Shot by Andrew Ladd.
8:57 of 2nd period - Shot Blocked by Jay Bouwmeester.
9:04 of 2nd period - Shot by David Krejci.
9:04 of 2nd period - Shot Misses the Net.
9:06 of 2nd period - Shot by Torey Krug.
9:06 of 2nd period - Shot Misses the Net.
9:38 of 2nd period - Shot by Jay Bouwmeester.
9:38 of 2nd period - Goal by Jay Bouwmeester - Bruins : 1 - MapleLeafs : 1.
9:39 of 2nd period - Antoine Vermette wins face-off versus Ryan Spooner in neutral zone.
10:27 of 2nd period - Icing by Alexei Emelin.
10:28 of 2nd period - Patrice Bergeron wins face-off versus Michael Grabner in MapleLeafs zone.
11:20 of 2nd period - Shot by Michael Del Zotto.
11:20 of 2nd period - Shot Misses the Net.
11:22 of 2nd period - Shot by Milan Lucic.
11:22 of 2nd period - Shot Blocked by Drew Doughty.
12:01 of 2nd period - Shot by Antoine Roussel.
12:01 of 2nd period - Stopped by Michael Hutchinson without a rebound.
12:02 of 2nd period - David Krejci wins face-off versus Antoine Roussel in Bruins zone.
12:04 of 2nd period - John Carlson is hit by Antoine Roussel and loses puck.
12:23 of 2nd period - Shot by Ryan Strome.
12:23 of 2nd period - Shot Misses the Net.
12:25 of 2nd period - Shot by Ryan Strome.
12:25 of 2nd period - Shot Misses the Net.
12:27 of 2nd period - Shot by Dougie Hamilton.
12:27 of 2nd period - Stopped by Ryan Miller without a rebound.
12:28 of 2nd period - Michael Grabner wins face-off versus Ryan Spooner in MapleLeafs zone.
12:40 of 2nd period - Antoine Vermette is hit by Matt Bartkowski and loses puck.
12:42 of 2nd period - Minor Penalty to Michael Grabner for Holding.
12:43 of 2nd period - Patrice Bergeron wins face-off versus Vladimir Tarasenko in MapleLeafs zone.
12:43 of 2nd period - Patrice Bergeron is hit by Nick Holden.
12:56 of 2nd period - John Carlson is hit by Nick Holden.
13:07 of 2nd period - Minor Penalty to Nick Holden for High sticking.
13:08 of 2nd period - Evander Kane wins face-off versus David Krejci in MapleLeafs zone.
13:31 of 2nd period - Shot by Jakub Voracek.
13:31 of 2nd period - Shot Misses the Net.
13:33 of 2nd period - Shot by Andrew Ladd.
13:33 of 2nd period - Shot Misses the Net.
13:35 of 2nd period - Shot by Andrew Ladd.
13:35 of 2nd period - Stopped by Ryan Miller with a rebound.
13:37 of 2nd period - Shot by Jakub Voracek.
13:37 of 2nd period - Stopped by Ryan Miller without a rebound.
13:38 of 2nd period - Patrice Bergeron wins face-off versus Evander Kane in MapleLeafs zone.
13:39 of 2nd period - Shot by John Carlson.
13:39 of 2nd period - Stopped by Ryan Miller without a rebound.
13:40 of 2nd period - Evander Kane wins face-off versus Reilly Smith in MapleLeafs zone.
14:07 of 2nd period - Shot by Torey Krug.
14:07 of 2nd period - Deflect By Patrice Bergeron.
14:07 of 2nd period - Shot Misses the Net.
14:18 of 2nd period - Icing by Reilly Smith.
14:19 of 2nd period - Evander Kane wins face-off versus Patrice Bergeron in Bruins zone.
14:25 of 2nd period - Icing by Torey Krug.
14:26 of 2nd period - Patrice Bergeron wins face-off versus Evander Kane in Bruins zone.
14:33 of 2nd period - Shot by John Carlson.
14:33 of 2nd period - Shot Misses the Net.
15:05 of 2nd period - Antoine Vermette is hit by Andrew Ladd and loses puck.
15:31 of 2nd period - Shawn Matthias is hit by Drew Doughty and loses puck.
15:34 of 2nd period - Shot by Jay Beagle.
15:34 of 2nd period - Goal by Jay Beagle - Bruins : 1 - MapleLeafs : 2.
15:35 of 2nd period - Ryan Spooner wins face-off versus Vladimir Tarasenko in neutral zone.
16:23 of 2nd period - Icing by Nick Holden.
16:24 of 2nd period - Patrice Bergeron wins face-off versus Brock Nelson in MapleLeafs zone.
16:55 of 2nd period - Shot by Jakub Voracek.
16:55 of 2nd period - Stopped by Ryan Miller without a rebound.
16:56 of 2nd period - David Krejci wins face-off versus Michael Grabner in MapleLeafs zone.
17:20 of 2nd period - Shot by Andrew Ladd.
17:20 of 2nd period - Shot Misses the Net.
17:26 of 2nd period - Shot by Nick Leddy.
17:26 of 2nd period - Shot Misses the Net.
17:28 of 2nd period - Shot by Antoine Vermette.
17:28 of 2nd period - Stopped by Michael Hutchinson without a rebound.
17:29 of 2nd period - Antoine Roussel wins face-off versus Patrice Bergeron in Bruins zone.
17:54 of 2nd period - Shot by Patrice Bergeron.
17:54 of 2nd period - Shot Misses the Net.
18:45 of 2nd period - Alexei Emelin is hit by Niklas Kronwall and loses puck.
19:38 of 2nd period - Icing by Nick Holden.
19:39 of 2nd period - Brock Nelson wins face-off versus David Krejci in MapleLeafs zone.
Goals for this period are 0 for Bruins vs 2 for MapleLeafs.
Shots for this period are 12 for Bruins vs 5 for MapleLeafs.

3rd period


0:01 of 3rd period - Patrice Bergeron wins face-off versus Evander Kane in neutral zone.
0:20 of 3rd period - Shot by Michael Grabner.
0:20 of 3rd period - Goal by Michael Grabner - Bruins : 1 - MapleLeafs : 3.
0:21 of 3rd period - Andrew Ladd wins face-off versus Brock Nelson in neutral zone.
1:21 of 3rd period - Alexei Emelin is hit by Dougie Hamilton and loses puck.
1:23 of 3rd period - John Carlson beats up Alexei Emelin.
1:23 of 3rd period - Penalty to Alexei Emelin for Fighting.
1:23 of 3rd period - Penalty to John Carlson for Fighting.
1:23 of 3rd period - Penalty to John Carlson for instigated a fight.
1:23 of 3rd period - John Carlson is ejected from game.
1:24 of 3rd period - Patrice Bergeron wins face-off versus Michael Grabner in Bruins zone.
1:24 of 3rd period - Patrice Bergeron is hit by Evander Kane.
1:41 of 3rd period - Icing by Evander Kane.
1:42 of 3rd period - Patrice Bergeron wins face-off versus Michael Grabner in MapleLeafs zone.
1:42 of 3rd period - Patrice Bergeron is hit by Jay Bouwmeester.
2:00 of 3rd period - Shot by Patrice Bergeron.
2:00 of 3rd period - Stopped by Ryan Miller without a rebound.
2:01 of 3rd period - Michael Grabner wins face-off versus Patrice Bergeron in MapleLeafs zone.
2:14 of 3rd period - Shot by Brandon Gormley.
2:14 of 3rd period - Goal by Brandon Gormley - Bruins : 1 - MapleLeafs : 4.
2:14 of 3rd period - Tuukka Rask enters game.
2:15 of 3rd period - David Krejci wins face-off versus Antoine Roussel in neutral zone.
2:29 of 3rd period - Reilly Smith is hit by Nick Holden and loses puck.
2:59 of 3rd period - Icing by Antoine Roussel.
3:00 of 3rd period - Patrice Bergeron wins face-off versus Antoine Roussel in MapleLeafs zone.
3:07 of 3rd period - Shot by Patrice Bergeron.
3:07 of 3rd period - Stopped by Ryan Miller without a rebound.
3:08 of 3rd period - Patrice Bergeron wins face-off versus Michael Grabner in MapleLeafs zone.
4:58 of 3rd period - Shot by Andrew Ladd.
4:58 of 3rd period - Shot Blocked by Brandon Gormley.
5:21 of 3rd period - Shot by Shawn Matthias.
5:21 of 3rd period - Shot Misses the Net.
5:32 of 3rd period - Minor Penalty to Patrice Bergeron for Roughing.
5:33 of 3rd period - Matt Moulson wins face-off versus Michael Grabner in Bruins zone.
5:50 of 3rd period - Shot by Nikita Nikitin.
5:50 of 3rd period - Stopped by Tuukka Rask with a rebound.
5:52 of 3rd period - Shot by Michael Grabner.
5:52 of 3rd period - Stopped by Tuukka Rask without a rebound.
5:53 of 3rd period - Evander Kane wins face-off versus Ryan Spooner in Bruins zone.
6:17 of 3rd period - Shot by Antoine Vermette.
6:17 of 3rd period - Stopped by Tuukka Rask without a rebound.
6:18 of 3rd period - Brock Nelson wins face-off versus Andrew Ladd in Bruins zone.
7:09 of 3rd period - Shot by Nick Holden.
7:09 of 3rd period - Goal by Nick Holden - Bruins : 1 - MapleLeafs : 5.
7:10 of 3rd period - Antoine Roussel wins face-off versus Patrice Bergeron in neutral zone.
7:15 of 3rd period - Shot by Nick Leddy.
7:15 of 3rd period - Stopped by Tuukka Rask without a rebound.
7:16 of 3rd period - Patrice Bergeron wins face-off versus Michael Grabner in Bruins zone.
7:24 of 3rd period - Icing by Niklas Kronwall.
7:25 of 3rd period - Michael Grabner wins face-off versus Patrice Bergeron in Bruins zone.
7:25 of 3rd period - Michael Grabner is hit by Drew Doughty.
8:25 of 3rd period - Shot by Vladimir Tarasenko.
8:25 of 3rd period - Stopped by Tuukka Rask without a rebound.
8:26 of 3rd period - Brock Nelson wins face-off versus David Krejci in Bruins zone.
8:39 of 3rd period - Shot by David Krejci.
8:39 of 3rd period - Shot Blocked by Alexei Emelin.
8:41 of 3rd period - Shot by Brad Marchand.
8:41 of 3rd period - Stopped by Ryan Miller without a rebound.
8:42 of 3rd period - Ryan Spooner wins face-off versus Antoine Roussel in MapleLeafs zone.
9:02 of 3rd period - Icing by Nikita Nikitin.
9:03 of 3rd period - Patrice Bergeron wins face-off versus Antoine Roussel in MapleLeafs zone.
9:07 of 3rd period - Icing by Nikita Nikitin.
9:08 of 3rd period - Antoine Roussel wins face-off versus Jakub Voracek in MapleLeafs zone.
9:24 of 3rd period - Off-side.
9:25 of 3rd period - David Krejci wins face-off versus Michael Grabner in neutral zone.
9:44 of 3rd period - Shot by Michael Grabner.
9:44 of 3rd period - Deflect By Evander Kane.
9:44 of 3rd period - Shot Misses the Net.
9:46 of 3rd period - Shot by Evander Kane.
9:46 of 3rd period - Shot Blocked by Drew Doughty.
10:30 of 3rd period - Nick Leddy is hit by Matt Bartkowski and loses puck.
10:45 of 3rd period - Shot by Jakub Voracek.
10:45 of 3rd period - Stopped by Ryan Miller with a rebound.
10:57 of 3rd period - Shot by Jakub Voracek.
10:57 of 3rd period - Shot Misses the Net.
10:59 of 3rd period - Shot by Torey Krug.
10:59 of 3rd period - Shot Misses the Net.
11:01 of 3rd period - Shot by Zach Parise.
11:01 of 3rd period - Shot Misses the Net.
11:42 of 3rd period - Shot by David Krejci.
11:42 of 3rd period - Shot Blocked by Nick Leddy.
11:44 of 3rd period - Shot by Brad Marchand.
11:44 of 3rd period - Shot Misses the Net.
11:46 of 3rd period - Shot by Ryan Strome.
11:46 of 3rd period - Shot Misses the Net.
11:50 of 3rd period - Shot by David Krejci.
11:50 of 3rd period - Shot Misses the Net.
11:52 of 3rd period - Shot by David Krejci.
11:52 of 3rd period - Shot Misses the Net.
11:54 of 3rd period - Shot by Brad Marchand.
11:54 of 3rd period - Shot Blocked by Nick Leddy.
11:56 of 3rd period - Shot by Brad Marchand.
11:56 of 3rd period - Deflect By David Krejci.
11:56 of 3rd period - Shot Misses the Net.
12:21 of 3rd period - Shot by Matt Moulson.
12:21 of 3rd period - Shot Misses the Net.
12:31 of 3rd period - Shot by Ryan Callahan.
12:31 of 3rd period - Stopped by Ryan Miller with a rebound.
12:50 of 3rd period - Icing by Matt Bartkowski.
12:51 of 3rd period - Patrice Bergeron wins face-off versus Michael Grabner in Bruins zone.
12:51 of 3rd period - Patrice Bergeron is hit by Evander Kane.
13:09 of 3rd period - Shot by Brad Marchand.
13:09 of 3rd period - Shot Blocked by Jay Bouwmeester.
13:24 of 3rd period - Torey Krug is hit by Evander Kane and loses puck.
13:29 of 3rd period - Michael Grabner is hit by Ryan Strome and loses puck.
14:11 of 3rd period - Shot by Reilly Smith.
14:11 of 3rd period - Shot Blocked by Michael Del Zotto.
14:13 of 3rd period - Shot by Dougie Hamilton.
14:13 of 3rd period - Goal by Dougie Hamilton - Bruins : 2 - MapleLeafs : 5.
14:14 of 3rd period - Antoine Roussel wins face-off versus Ryan Spooner in neutral zone.
14:20 of 3rd period - Minor Penalty to Drew Doughty for Interference.
14:21 of 3rd period - Patrice Bergeron wins face-off versus Michael Grabner in Bruins zone.
14:44 of 3rd period - Shot by Nick Holden.
14:44 of 3rd period - Shot Blocked by Niklas Kronwall.
16:07 of 3rd period - Shot by Jay Bouwmeester.
16:07 of 3rd period - Stopped by Tuukka Rask without a rebound.
16:08 of 3rd period - Michael Grabner wins face-off versus Patrice Bergeron in Bruins zone.
16:53 of 3rd period - Shot by Zach Parise.
16:53 of 3rd period - Stopped by Ryan Miller with a rebound.
16:55 of 3rd period - Shot by Zach Parise.
16:55 of 3rd period - Shot Misses the Net.
17:15 of 3rd period - Icing by Dougie Hamilton.
17:16 of 3rd period - Antoine Vermette wins face-off versus Zach Parise in Bruins zone.
17:20 of 3rd period - Icing by Dougie Hamilton.
17:21 of 3rd period - Evander Kane wins face-off versus Zach Parise in Bruins zone.
17:29 of 3rd period - Minor Penalty to Evander Kane for Holding.
17:30 of 3rd period - David Krejci wins face-off versus Vladimir Tarasenko in MapleLeafs zone.
17:33 of 3rd period - Shot by David Krejci.
17:33 of 3rd period - Stopped by Ryan Miller without a rebound.
17:34 of 3rd period - David Krejci wins face-off versus Vladimir Tarasenko in MapleLeafs zone.
17:35 of 3rd period - Shot by Torey Krug.
17:35 of 3rd period - Shot Misses the Net.
17:37 of 3rd period - Shot by Niklas Kronwall.
17:37 of 3rd period - Stopped by Ryan Miller without a rebound.
17:38 of 3rd period - David Krejci wins face-off versus Vladimir Tarasenko in MapleLeafs zone.
17:59 of 3rd period - Shot by Torey Krug.
17:59 of 3rd period - Stopped by Ryan Miller with a rebound.
18:21 of 3rd period - Shot by David Krejci.
18:21 of 3rd period - Shot Misses the Net.
18:49 of 3rd period - Shot by Drew Doughty.
18:49 of 3rd period - Shot Misses the Net.
18:51 of 3rd period - Shot by Drew Doughty.
18:51 of 3rd period - Shot Blocked by Alexei Emelin.
19:47 of 3rd period - Shot by Michael Grabner.
19:47 of 3rd period - Shot Misses the Net.
Goals for this period are 1 for Bruins vs 3 for MapleLeafs.
Shots for this period are 10 for Bruins vs 9 for MapleLeafs.


Output by the SimonT Hockey Simulator (STHS) for Stephane Roy -- Original Page W3C XHTML 1.0 Valid
Hockey Simulator - Hockey Simulation - Hockey Manager